 Dungeon Crawl Stone Soup version 0.27-a0-262-gc50aac273e (webtiles) character file.

Game seed: 13550260189421360376

117810 kae the Brawler (level 16, -2/128 HPs)
             Began as a Green Draconian Transmuter on Feb 4, 2021.
             Was the Champion of Ru.
             Killed from afar by a shock serpent (14 damage)
             ... with an electric aura
             ... on level 4 of the Lair of Beasts.
             The game lasted 00:34:37 (37485 turns).

kae the Brawler (Green Draconian Transmuter)       Turns: 37485, Time: 00:34:38

Health: -2/128     AC: 15    Str: 17      XL:     16   Next: 24%
Magic:  1/27       EV: 21    Int: 11 (13) God:    Ru [******]
Gold:   799        SH:  0    Dex: 11      Spells: 3/35 levels left

rFire    . . .     SeeInvis .     - Unarmed
rCold    . . .     Faith    .   (shield currently unavailable)
rNeg     . . .     Spirit   .   (armour unavailable)
rPois    +         Reflect  .   (helmet restricted)
rElec    .         Harm     .   I - +2 cloak
rCorr    .         Rampage  +   (gloves currently unavailable)
Will     +....     Rnd*Rage +   j - +2 pair of boots {rampage}
Stlth    ..........             d - amulet of regeneration
HPRegen  0.00/turn              e - +4 ring of evasion
MPRegen  0.20/turn              a - +4 ring of slaying

@: blade hands (expiring), marked
A: breathe noxious fumes, unfitting armour, stinger 1, berserk 1, blink, blurry
vision 2, clumsy 1, deterioration 1, dopey 1, frail 1, low mp 1, poison
resistance, screaming 2, inhibited regeneration, evolution 1, no potion heal 1,
cold-blooded, subdued magic 1, no stealth, inability to use devices, hated by
all, inexperienced 1, AC +9
a: Breathe Noxious Fumes, End Transformation, Blink, Renounce Religion, Draw Out
Power, Power Leap, Apocalypse


You were on level 4 of the Lair of Beasts.
You worshipped Ru.
Ru was exalted by your worship.
You had blades for hands.
You visited 5 branches of the dungeon, and saw 25 of its levels.
You visited 1 bazaar.
You also visited: Sewer, Bailey and Volcano.

You collected 2500 gold pieces.
You spent 1701 gold pieces at shops.

Inventory:

Armour
 j - a +2 pair of boots of rampaging (worn)
 H - the +3 hat of Pondering {ponderous, Will+ MP+10 Int+5}
   (You took it off Gastronok on level 2 of the Lair of Beasts)

   It affects your intelligence (+5).
   It affects your willpower, your defense against some magical effects.
   It affects your magic capacity (+10).
 I - a +2 cloak (worn)
Jewellery
 a - a +4 ring of slaying (right scythe-like blade)
 c - an uncursed ring of magical power
 d - an amulet of regeneration (around neck)
 e - a +4 ring of evasion (left scythe-like blade)
 f - an uncursed ring of resist corrosion
 h - an uncursed amulet of magic regeneration
 i - a +6 ring of strength
 k - an uncursed ring of protection from fire
 n - an uncursed ring of fire
 q - an uncursed ring of wizardry
 u - an uncursed ring of willpower
 v - an uncursed amulet of guardian spirit
 G - an uncursed ring of willpower
 N - the amulet of Vythro Pitun {Acrobat rN+ Int+3 Dex+2}
   (You found it on level 6 of the Lair of Beasts)

   [amulet of the acrobat]

   It helps you evade while moving and waiting.
   It affects your intelligence (+3).
   It affects your dexterity (+2).
   It protects you from negative energy.
Scrolls
 b - 16 scrolls of remove curse
 o - 2 scrolls of magic mapping
 p - 4 scrolls of enchant armour
 w - 5 scrolls of blinking
 y - 3 scrolls of fog
 B - 5 scrolls of fear
 D - 5 scrolls of amnesia
 F - 5 scrolls of teleportation
 M - 10 scrolls of identify
Potions
 g - 2 potions of ambrosia
 l - 3 potions of haste
 m - 4 potions of heal wounds
 r - 5 potions of brilliance
 x - 2 potions of berserk rage
 z - 2 potions of resistance
 A - 3 potions of lignification
 E - 6 potions of curing
 J - 4 potions of flight
 K - 2 potions of invisibility


   Skills:
 - Level 13.0 Fighting
 - Level 11.2 Dodging
 * Level 17.1 Unarmed Combat
 - Level 10.0 Spellcasting
 * Level 13.1 Transmutations
 - Level 3.0 Ice Magic
 - Level 2.8 Poison Magic


You had 3 spell levels left.
You knew the following spells:

 Your Spells              Type           Power        Failure   Level
a - Beastly Appendage     Tmut           52%          4%          1
b - Spider Form           Tmut/Pois      8%           16%         3
c - Ice Form              Ice/Tmut       17%          28%         4
d - Blade Hands           Tmut           13%          16%         5
e - Hydra Form            Tmut           13%          38%         6
f - Dragon Form           Tmut           13%          82%         7
g - Statue Form           Tmut/Erth      10%          97%         6

Your spell library contained the following spells:

 Spells                   Type           Power        Failure   Level
 Wereblood                Tmut           26%          5%          2
 Freeze                   Ice            36%          24%         1
 Frozen Ramparts          Ice            18%          43%         3
 Ozocubu's Armour         Ice            9%           43%         3
 Confusing Touch          Hex            4%           75%         3
 Gell's Gravitas          Tloc           2%           75%         3
 Petrify                  Tmut/Erth      15%          38%         4
 Irradiate                Conj/Tmut      7%           63%         5
 Yara's Violent Unravell  Hex/Tmut       7%           63%         5
 Hailstorm                Conj/Ice       6%           88%         4
 Metabolic Englaciation   Hex/Ice        3%           99%         5
 Summon Ice Beast         Ice/Summ       Unusable     N/A         4

Dungeon Overview and Level Annotations

Branches:
Dungeon (15/15)            Temple (1/1) D:4            Lair (6/6) D:9
  Swamp (0/4) Lair:3        Snake (1/4) Lair:4        Slime (0/5) Lair:5
    Orc (2/2) D:12            Elf (0/3) Orc:2        Vaults (0/5) D:14
 Depths (0/5) D:15          Sewer (visited)          Bailey (visited)
Volcano (visited)

Altars:
Ashenzari
Cheibriados
Dithmenos
Elyvilon
Fedhas
Gozag
Hepliaklqana
Kikubaaqudgha
Makhleb
Nemelex Xobeh
Okawaru
Qazlal
Ru
Sif Muna
Trog
Uskayaw
Vehumet
Wu Jian
Xom
Yredelemnul
Zin
The Shining One
Beogh
Jiyva

Shops:
D:4 ([*   D:6 !   D:8 =   D:11 *   D:13 *?   D:14 *(   D:15 =   Orc:2 }}(([

Portals:
Abyss: D:10
Trove: D:10 (give +3 storm dragon scales)

Annotations:
D:10 1 runed translucent door, 2 transporters, wineyard's ghost, novice DrCj
D:11 exclusion: orange crystal statue
D:12 2 runed translucent doors
Lair:2 2 transporters, exclusion: oklob plant


Innate Abilities, Weirdness & Mutations

You can breathe blasts of noxious fumes.
Your lurid green scales are hard. (AC +9)
You cannot fit into any form of body armour.
Your tail ends in a poisonous barb.
Your system is resistant to poisons. (rPois)
You sometimes yell uncontrollably at your foes.
You are cold-blooded and may be slowed by cold attacks.
You cannot be stealthy.
You cannot study or use magical devices.
You are hated by all.
You are somewhat inexperienced. (-2 XL)
You tend to lose your temper in combat.
You can translocate small distances at will.
Scrolls take you longer to read.
You are clumsy. (Dex -2)
Your body sometimes deteriorates upon taking damage.
You are dopey. (Int -2)
You are frail. (-10% HP)
Your magical capacity is low. (-10% MP)
You do not regenerate when monsters are visible.
You evolve.
Potions are less effective at restoring your health.
Your spells are a little easier to cast, but a little less powerful.


Message History

The mana viper barely misses you.
There is a staircase back to the Lair here.
You can't go down here!
The shock serpent bites you but does no damage.
The naga mage begins to cast a spell, but is stunned by your conviction!
The mana viper completely misses you. The mana viper bites you!
* * * LOW HITPOINT WARNING * * *
You feel your power leaking away.
You focus your inner power and blind the mana viper in retribution!
You climb upwards.
Welcome back to the Lair of Beasts!
There is a staircase to the Snake Pit here.
You shred the mana viper!!!
You kill the mana viper!
The shock serpent begins to attack, but is stunned by your conviction!
You redirect the mana viper's attack!
The mana viper bites itself!
You shred the shock serpent!!!
The shock serpent is severely wounded.
The shock serpent's electric aura discharges violently, shocking you!
You die...

....##.#..#....####..###.....##..
.............................####
.............................##.#
.......[..........?..............
............###...###............
............#../....#............
..#####.#...#.......#............
..###..##.##.).SS....####........
..+.............@.....#.#...#..+.
.............[.........##....##..
..+.......#.#)......#..##...#....
..##......###.......#..##........
...#......#.###...###..##...P.P..
..##.##.###...#........##...####.
..##+#....##...##.###.###....####
..............P##..#.#.#......#.#
.................................


You could see a shock serpent and a mana viper.

Vanquished Creatures
  Rupert (Lair:3)
  Gastronok (Lair:2)
  A storm dragon (D:12)
  A fire giant (D:12)
  2 frost giants
  A stone giant (Volcano)
  A war gargoyle (D:12)
  A deep elf annihilator (D:12)
  6 dire elephants (Lair:6)
  An ettin (D:14)
  Snorg (D:11)
  A yaktaur captain (D:12)
  A deep elf high priest (D:14)
  2 catoblepae (Lair:2)
  An anaconda (Lair:6)
  5 vault guards
  7 hydras
  10 centaur warriors
  5 boulder beetles
  Erolcha (D:13)
  A dancing weapon (D:12)
  3 two-headed ogres
  A tengu warrior (D:12)
  The ghost of epen the Carver, a novice DsFi of Yredelemnul (D:9)
  A deep troll earth mage (D:12)
  5 death yaks (Lair:6)
  4 orc high priests (Orc:2)
  Urug (Lair:4)
  Sonja (Orc:1)
  5 unseen horrors
  An obsidian statue (Volcano)
  9 orc knights
  3 deep elf pyromancers
  2 mana vipers
  8 orc sorcerers
  4 cyclopes
  7 elephants
  14 ugly things
  A manticore (D:15)
  3 black mambas
  4 centaur skeletons
  4 gargoyles
  5 cane toads
  An efreet (Volcano)
  7 komodo dragons
  A yaktaur (D:15)
  8 kobold demonologists
  2 rime drakes
  A redback zombie (D:15)
  A tengu conjurer (D:15)
  7 trolls
  A tyrant leech (Lair:3)
  A hornet (D:9)
  4 polar bears
  17 blink frogs
  A raiju (shapeshifter) (D:12)
  A slime creature (D:12)
  A wraith (D:15)
  A shadow (D:11)
  Eustachio (D:4)
  4 wyverns
  52 yaks
  6 basilisks
  5 fire bats (Volcano)
  6 vampire mosquitoes
  A hog (shapeshifter) (D:12)
  3 neqoxecs (D:9)
  6 wargs
  4 swamp worms (Lair:3)
  A soldier ant (D:10)
  5 nagas
  10 water moccasins
  Duvessa (D:4)
  3 ice beasts
  6 black bears
  A black bear (shapeshifter) (D:14)
  46 orc warriors
  An eye of draining (D:12)
  9 sky beasts
  11 wolves
  8 ogres
  39 centaurs
  4 boggarts (Lair:6)
  A phantom (D:12)
  5 big kobolds
  2 earth elementals (Volcano)
  19 bullfrogs
  Dowan (D:4)
  3 scorpions
  16 killer bees
  9 wights
  4 electric eels
  A howler monkey (D:5)
  8 lava snakes
  2 bullfrog zombies
  3 quasits (D:9)
  2 jellies
  4 hounds
  5 bullfrog skeletons
  24 orc priests
  A gnoll shaman (D:8)
  Ijyb (D:5)
  10 worker ants
  3 iguanas
  29 orc wizards
  12 hell rats
  A hound zombie (D:8)
  A hound skeleton (D:10)
  A worker ant zombie (D:10)
  20 adders
  5 gnolls (D:8)
  A river rat (D:5)
  3 shadow imps
  A white imp (D:6)
  2 ufetubi
  2 oozes
  2 adder zombies
  7 worms
  6 dart slugs
  14 leopard geckos
  84 orcs
  5 ball pythons
  12 giant cockroaches
  7 goblins
  7 hobgoblins
  20 jackals
  5 quokkas
  6 bats
  9 frilled lizards
  A jackal skeleton (D:8)
  38 kobolds
  A leopard gecko zombie (D:5)
  A quokka skeleton (D:4)
  6 rats
  2 bushes (D:10)
  A fire vortex (Lair:5)
862 creatures vanquished.

Vanquished Creatures (others)
  2 hydras (Lair:3)
  A naga sharpshooter (Snake:1)
  A black mamba (Lair:5)
  An orc warrior (Orc:2)
  A centaur (D:7)
  An electric eel (Lair:4)
  An orc wizard (Orc:1)
  7 orcs
  A kobold (D:14)
  35 fungi
  38 plants
89 creatures vanquished.

Grand Total: 951 creatures vanquished

Notes
Turn   | Place    | Note
-------+----------+-------------------------------------------
     0 | D:1      | kae the Draconian Transmuter began the quest for the Orb.
     0 | D:1      | Reached XP level 1. HP: 16/16 MP: 3/3
   278 | D:1      | Reached XP level 2. HP: 23/23 MP: 3/5
   764 | D:1      | Reached XP level 3. HP: 21/28 MP: 6/6
  1708 | D:2      | Learned a level 3 spell: Spider Form
  2165 | D:2      | Reached XP level 4. HP: 36/36 MP: 5/7
  3162 | D:3      | Reached skill level 1 in Poison Magic
  3348 | D:3      | Reached skill level 4 in Unarmed Combat
  3725 | D:3      | Reached XP level 5. HP: 41/41 MP: 6/8
  4383 | D:4      | Noticed Eustachio
  4409 | D:4      | Killed Eustachio
  4410 | D:4      | Reached XP level 6. HP: 40/50 MP: 7/10
  4488 | D:4      | Noticed Duvessa
  4488 | D:4      | Noticed Dowan
  4506 | D:4      | Killed Duvessa
  4507 | D:4      | Reached skill level 5 in Unarmed Combat
  4533 | D:5      | Entered Level 5 of the Dungeon
  4541 | D:4      | Killed Dowan
  4542 | D:4      | Your scales start taking on a lurid green colour.
  4542 | D:4      | Reached XP level 7. HP: 8/57 MP: 8/11
  4542 | D:4      | Gained mutation: Your system is resistant to poisons.
                  | (rPois) [Green Draconian growth]
  4565 | D:5      | Found a glowing drain.
  4584 | D:5      | HP: 1/57 [river rat (4)]
  4599 | Sewer    | Entered a sewer
  5505 | Sewer    | Learned a level 4 spell: Ice Form
  6209 | D:5      | Reached skill level 1 in Ice Magic
  6589 | D:5      | Noticed Ijyb
  6600 | D:5      | Killed Ijyb
  6829 | D:5      | Found a glowing golden altar of the Shining One.
  7026 | D:4      | Found Vaezxuol's Antique Armour Shoppe.
  7064 | D:4      | Found Kilecvar's Weapon Boutique.
  7391 | D:4      | Found Seckom's Assorted Antiques.
  7459 | D:4      | Bought a scroll labelled VIOMMO VUCUNAIKAQA for 19 gold
                  | pieces
  7459 | D:4      | Bought a smoky sapphire potion for 17 gold pieces
  7459 | D:4      | Bought 2 sedimented orange potions for 34 gold pieces
  7741 | D:4      | Found a staircase to the Ecumenical Temple.
  7747 | Temple   | Entered the Ecumenical Temple
  7860 | Temple   | Became a worshipper of Ru the Awakened
  8080 | D:6      | Reached skill level 6 in Unarmed Combat
  8080 | D:6      | Reached XP level 8. HP: 56/64 MP: 8/13
  8864 | D:6      | Found Lugaet's Distillery.
  8869 | D:6      | Bought a potion of degeneration for 10 gold pieces
  8869 | D:6      | Bought a potion of heal wounds for 50 gold pieces
  8869 | D:6      | Bought a potion of lignification for 30 gold pieces
  8869 | D:6      | Bought a potion of curing for 30 gold pieces
  8869 | D:6      | Bought a potion of ambrosia for 80 gold pieces
  9305 | D:7      | Reached skill level 7 in Unarmed Combat
  9317 | D:7      | Reached XP level 9. HP: 61/73 MP: 15/15
  9351 | D:7      | Gained mutation: You are somewhat inexperienced. (-2 XL)
                  | [Ru sacrifice]
  9351 | D:7      | Reached XP level 8. HP: 59/100 MP: 14/14
  9351 | D:7      | Reached XP level 7. HP: 59/90 MP: 13/13
  9351 | D:7      | Reached * piety under Ru
  9351 | D:7      | Reached ** piety under Ru
  9432 | D:7      | Reached skill level 5 in Fighting
  9460 | D:7      | Reached skill level 5 in Transmutations
  9830 | D:7      | Found a shimmering altar of Xom.
 10091 | D:8      | Reached XP level 8. HP: 68/68 MP: 15/15
 10213 | D:8      | Found Sojof's Jewellery Shop.
 10228 | D:8      | Reached skill level 5 in Dodging
 10228 | D:8      | Reached skill level 8 in Unarmed Combat
 10407 | D:8      | Reached skill level 5 in Spellcasting
 10718 | D:8      | Noticed a troll
 10726 | D:8      | Killed a troll
 10891 | D:8      | Reached XP level 9. HP: 75/75 MP: 12/16
 10903 | D:8      | Gained mutation: You cannot study or use magical devices.
                  | [Ru sacrifice]
 10903 | D:8      | Reached *** piety under Ru
 10903 | D:8      | Reached **** piety under Ru
 10903 | D:8      | Reached ***** piety under Ru
 11278 | D:9      | Reached skill level 9 in Unarmed Combat
 11337 | D:9      | Found a transporter.
 11341 | D:9      | Noticed epen's ghost (novice DsFi)
 11420 | D:9      | Found a shimmering altar of Xom.
 11609 | D:9      | Noticed a komodo dragon
 11681 | D:9      | Killed a komodo dragon
 11682 | D:9      | Reached XP level 10. HP: 58/84 MP: 14/18
 11829 | D:9      | Found a transporter.
 12160 | D:9      | Found a staircase to the Lair.
 12315 | D:10     | Entered Level 10 of the Dungeon
 12383 | D:10     | Found a blossoming altar of Fedhas.
 12449 | D:10     | Found a flagged portal.
 12471 | D:10     | Noticed an unseen horror
 12473 | D:10     | Killed an unseen horror
 12600 | Bailey   | Entered a bailey
 12895 | Bailey   | Reached skill level 10 in Unarmed Combat
 12938 | Bailey   | Learned a level 5 spell: Blade Hands
 12949 | Bailey   | Found an iron altar of Okawaru.
 13029 | D:10     | Gained mutation: You are hated by all. [Ru sacrifice]
 13140 | D:10     | Noticed an ice dragon
 13140 | D:10     | Noticed a fire giant
 13140 | D:10     | Noticed a glowing orange brain
 13141 | D:10     | Found a runed translucent door.
 13143 | D:10     | Noticed a deep elf knight
 13143 | D:10     | Noticed a stone giant
 13143 | D:10     | Noticed a yaktaur captain
 13143 | D:10     | Noticed a fire crab
 13143 | D:10     | Noticed a torpor snail
 13143 | D:10     | a torpor snail changed into a merfolk
 13344 | D:10     | Noticed an orange demon
 13345 | D:10     | Found a one-way gate to the infinite horrors of the Abyss.
 13345 | D:10     | Noticed wineyard's ghost (novice DrCj)
 13350 | D:10     | Noticed a worldbinder
 13353 | D:10     | Noticed a toenail golem
 13423 | D:10     | Identified the +5 flail "Zingesm" {distort, MP+9 Int+3}
 13423 | D:10     | Noticed a skeletal warrior
 13428 | D:10     | Found a transporter.
 13507 | D:10     | You fall into a shaft and drop 1 floor!
 13802 | D:11     | Noticed an orange crystal statue
 13936 | D:11     | Reached XP level 11. HP: 92/92 MP: 17/21
 13981 | D:11     | Noticed Snorg
 13988 | D:11     | Killed Snorg
 14640 | D:11     | Found Ykydous's Assorted Antiques.
 14648 | D:11     | Bought a scroll labelled LAVOPN QYNA for 33 gold pieces
 14648 | D:11     | Bought a scroll of identify for 66 gold pieces
 14970 | D:10     | Gained mutation: You cannot be stealthy. [Ru sacrifice]
 15148 | D:10     | Noticed a vault guard
 15152 | D:10     | Killed a vault guard
 15181 | D:10     | Found a portal to a secret trove of treasure.
 15234 | D:10     | Found a transporter.
 15234 | D:10     | Noticed a wizard
 15319 | D:10     | Noticed a glowing orange brain
 15418 | D:10     | Noticed an ettin
 15492 | Lair:1   | Entered Level 1 of the Lair of Beasts
 15577 | Lair:1   | Reached skill level 11 in Unarmed Combat
 16531 | Lair:2   | Noticed a catoblepas
 16546 | Lair:2   | Killed a catoblepas
 16641 | Lair:2   | Noticed Gastronok
 16655 | Lair:2   | Killed Gastronok
 16784 | Lair:2   | Noticed a catoblepas
 16800 | Lair:2   | Killed a catoblepas
 16804 | Lair:2   | Reached XP level 12. HP: 68/103 MP: 20/23
 16923 | Lair:2   | Found a transporter.
 17435 | Lair:2   | Found a transporter.
 17702 | Lair:3   | Noticed a five-headed hydra
 17737 | Lair:2   | Killed a five-headed hydra
 17900 | Lair:3   | Reached skill level 12 in Unarmed Combat
 17940 | Lair:3   | Noticed an eight-headed hydra
 17940 | Lair:3   | Found a staircase to the Swamp.
 18180 | Lair:3   | Noticed a six-headed hydra
 18187 | Lair:3   | Killed a six-headed hydra
 18252 | Lair:3   | Noticed Rupert
 18265 | Lair:3   | Killed Rupert
 18716 | Lair:3   | Noticed a four-headed hydra
 18722 | Lair:3   | Killed a four-headed hydra
 19127 | Lair:3   | Killed an eight-headed hydra
 19414 | Lair:4   | Found a staircase to the Snake Pit.
 19516 | Lair:4   | Found a dark tunnel.
 19562 | Volcano  | Entered a volcano
 19785 | Volcano  | Noticed a stone giant
 19796 | Volcano  | Killed a stone giant
 19804 | Volcano  | Found a bloodstained altar of Trog.
 19950 | Volcano  | Gained mutation: You tend to lose your temper in combat. [a
                  | neqoxec]
 20130 | Lair:4   | Noticed a seven-headed hydra
 20140 | Lair:4   | Killed a seven-headed hydra
 20156 | Lair:4   | Reached XP level 13. HP: 63/113 MP: 23/25
 20753 | Lair:4   | Noticed Urug
 20761 | Lair:4   | Killed Urug
 20762 | Lair:4   | Reached skill level 13 in Unarmed Combat
 21193 | Lair:4   | Reached skill level 10 in Fighting
 21754 | Lair:5   | Found a staircase to the Slime Pits.
 21755 | Lair:5   | Found a viscous altar of Jiyva.
 21894 | Lair:5   | Found a stormy altar of Qazlal.
 22473 | Lair:6   | Entered Level 6 of the Lair of Beasts
 22594 | Lair:6   | Reached skill level 10 in Transmutations
 24108 | Lair:6   | Reached skill level 14 in Unarmed Combat
 24333 | Lair:6   | Noticed a dire elephant
 24333 | Lair:6   | Noticed a dire elephant
 24348 | Lair:6   | HP: 2/115 [dire elephant (7)]
 24503 | Lair:6   | Killed a dire elephant
 24714 | Lair:6   | Killed a dire elephant
 24715 | Lair:6   | Gained mutation: Your tail ends in a poisonous barb. [Green
                  | Draconian growth]
 24715 | Lair:6   | Reached XP level 14. HP: 59/122 MP: 22/27
 24828 | Lair:6   | Got a bound steel amulet
 24970 | Lair:4   | Found a staircase to the Snake Pit.
 26959 | D:9      | Killed epen's ghost
 26959 | D:9      | Gained mutation: You are occasionally teleported next to
                  | monsters. [a neqoxec]
 27620 | D:12     | Gained mutation: You occasionally shout uncontrollably at
                  | your foes. [Ru sacrifice]
 27620 | D:12     | Reached ****** piety under Ru
 27621 | D:12     | Found a staircase to the Orcish Mines.
 28117 | D:12     | Found a runed translucent door.
 28127 | D:12     | Reached skill level 10 in Spellcasting
 28128 | D:12     | Noticed a storm dragon
 28396 | D:12     | Found a runed translucent door.
 28398 | D:12     | Lost mutation: You are occasionally teleported next to
                  | monsters. [potion of mutation]
 28398 | D:12     | Lost mutation: You tend to lose your temper in combat.
                  | [potion of mutation]
 28398 | D:12     | Gained mutation: You evolve. [potion of mutation]
 28398 | D:12     | Gained mutation: You can translocate small distances at
                  | will. [potion of mutation]
 28398 | D:12     | Gained mutation: You have supernaturally acute eyesight.
                  | (SInv) [potion of mutation]
 28398 | D:12     | Gained mutation: Your spells are a little harder to cast,
                  | but a little more powerful. [potion of mutation]
 28399 | D:12     | Noticed a war gargoyle
 28401 | D:12     | Noticed a fire giant
 28407 | D:12     | Killed a storm dragon
 28408 | D:12     | Reached skill level 10 in Dodging
 28586 | D:12     | Killed a fire giant
 29012 | D:12     | Reached skill level 15 in Unarmed Combat
 29113 | D:12     | Found a staircase to the Orcish Mines.
 29192 | D:12     | Killed a war gargoyle
 29782 | D:12     | Found a staircase to the Orcish Mines.
 30129 | D:12     | Found a runed translucent door.
 30134 | D:12     | Found a runed translucent door.
 30185 | D:13     | Found Gukhleiq's Assorted Antiques.
 30506 | D:13     | Bought 2 scrolls of identify for 124 gold pieces
 30506 | D:13     | Bought a scroll of identify for 62 gold pieces
 30506 | D:13     | Identified the amulet of Vythro Pitun {Acrobat rN+ Int+3
                  | Dex+2} (You found it on level 6 of the Lair of Beasts)
 30745 | D:13     | Found a roughly hewn altar of Beogh.
 30758 | D:13     | Gained mutation: You are clumsy. (Dex -2) [evolution]
 30936 | D:13     | Noticed Erolcha
 30939 | D:13     | Reached XP level 15. HP: 131/132 MP: 24/29
 30954 | D:13     | Killed Erolcha
 31066 | D:13     | Found Fyafeme's Magic Scroll Shoppe.
 31072 | D:13     | Bought a scroll of identify for 28 gold pieces
 31072 | D:13     | Bought a scroll of identify for 28 gold pieces
 31072 | D:13     | Bought a scroll of amnesia for 49 gold pieces
 31072 | D:13     | Bought a scroll of identify for 28 gold pieces
 31571 | Orc:1    | Entered Level 1 of the Orcish Mines
 31878 | Orc:2    | Entered Level 2 of the Orcish Mines
 32296 | Orc:1    | Noticed Sonja
 32306 | Orc:1    | Killed Sonja
 33104 | Orc:2    | Found a staircase to the Elven Halls.
 33147 | Orc:2    | Found Mophaw's Gadget Shoppe.
 33291 | Orc:2    | Found a roughly hewn altar of Beogh.
 33445 | Orc:2    | Found Zuickad's Armour Shoppe.
 33674 | Orc:2    | Reached skill level 16 in Unarmed Combat
 33756 | Orc:2    | Found Ceyqec's Gadget Shoppe.
 33769 | Orc:2    | Found Sawat's Antique Weapon Shop.
 33912 | Orc:2    | Found Osishau's Antique Weapon Shop.
 34191 | D:14     | Found Umecat's Assorted Antiques.
 34200 | D:14     | Found Ofannet's Antique Weapon Shoppe.
 34237 | D:14     | Found a gate to the Vaults.
 34245 | D:14     | Found a flickering gateway to a bazaar.
 34271 | Bazaar   | Entered a bazaar
 34271 | Bazaar   | Found Jant's Book Shoppe.
 34417 | Bazaar   | Found Caruy's Weapon Shop.
 34419 | Bazaar   | Bought a book of Transfigurations for 825 gold pieces
 34420 | Bazaar   | Found Xidaec's Antique Armour Boutique.
 34423 | Bazaar   | Found Enoargho's Magic Scroll Shoppe.
 34432 | Bazaar   | Bought a scroll of magic mapping for 38 gold pieces
 34440 | Bazaar   | Bought a pair of embroidered boots for 150 gold pieces
 34466 | Bazaar   | Learned a level 6 spell: Hydra Form
 34474 | Bazaar   | Learned a level 7 spell: Dragon Form
 34481 | Bazaar   | Learned a level 6 spell: Statue Form
 34512 | D:14     | HP: 8/174 [deep elf high priest/divine providence (10)]
 34645 | D:14     | Noticed a frost giant
 34682 | D:14     | Killed a frost giant
 35273 | D:14     | Gained mutation: You sometimes yell uncontrollably at your
                  | foes. [mutagenic glow]
 35288 | D:13     | Lost mutation: You have supernaturally acute eyesight.
                  | (SInv) [mutagenic glow]
 35301 | D:13     | Lost mutation: Your spells are a little harder to cast, but
                  | a little more powerful. [mutagenic glow]
 35314 | D:13     | Gained mutation: You are dopey. (Int -2) [mutagenic glow]
 35334 | D:13     | Gained mutation: Your body sometimes deteriorates upon
                  | taking damage. [mutagenic glow]
 35346 | D:13     | Gained mutation: Scrolls take you a little longer to read.
                  | [mutagenic glow]
 35362 | D:13     | Gained mutation: You are frail. (-10% HP) [mutagenic glow]
 35374 | D:13     | Gained mutation: Your magical capacity is low. (-10% MP)
                  | [mutagenic glow]
 35382 | D:13     | Gained mutation: Scrolls take you longer to read.
                  | [mutagenic glow]
 35398 | D:13     | Gained mutation: You do not regenerate when monsters are
                  | visible. [mutagenic glow]
 35408 | D:13     | Gained mutation: Your spells are a little easier to cast,
                  | but a little less powerful. [mutagenic glow]
 35418 | D:13     | Gained mutation: You tend to lose your temper in combat.
                  | [mutagenic glow]
 35430 | D:13     | Gained mutation: Potions are less effective at restoring
                  | your health. [mutagenic glow]
 35441 | D:13     | Gained mutation: Your body often deteriorates upon taking
                  | damage. [mutagenic glow]
 36015 | D:15     | Entered Level 15 of the Dungeon
 36138 | D:15     | Reached XP level 16. HP: 128/128 MP: 21/27
 36407 | D:15     | Found Naxzogrus's Jewellery Emporium.
 36453 | D:15     | Lost mutation: Your body often deteriorates upon taking
                  | damage. [evolution]
 36659 | D:15     | Found a staircase to the Depths.
 36947 | D:15     | Reached skill level 17 in Unarmed Combat
 37432 | Snake:1  | Entered Level 1 of the Snake Pit
 37485 | Lair:4   | Killed from afar by a shock serpent

Illustrated notes

Levels and vault maps discovered:
D:1:      minmay_arrival_cross, layout_basic, minmay_unequal
D:2:      layout_loops_corners, kennysheep_potato
D:3:      layout_basic
D:4:      layout_loops_ring, minmay_temple_entry_fiery, serial_shops,
          nicolae_shop_waterfront, shop, shop, uniq_duvessa, uniq_eustachio
D:5:      layout_basic, cheibrodos_sewer_entry_sluice, minmay_misc_feat_rows,
          nicolae_tso_swordbearing_angel, uniq_ijyb
D:6:      layout_loops_ring, serial_shops, kennysheep_little_box,
          minmay_misc_feat_alley
D:7:      layout_gridville, basic_altar
D:8:      layout_basic, serial_shops, nicolae_shop_behind_doors
D:9:      layout_cave_pods, lemuel_crystal_altar,
          grunt_lair_entry_orc_guard_hut, gammafunk_ghost_stat_death,
          grunt_decor_junction
D:10:     minmay_gate_of_8, layout_irregular_city, enter_bailey_2,
          gammafunk_ghost_abyssal_escape, enter_trove_5,
          fedhas_bush_and_centaur_altar
D:11:     layout_gridville, serial_shops, nicolae_shop_overgrown_old_shop,
          minmay_protected_statue, uniq_snorg
D:12:     minmay_expanding_circles, layout_irregular_city, david_orc_3,
          kennysheep_generic_room_5
D:13:     layout_roguey [special_room_orc], serial_shops, shop, kennysheep_mini,
          uniq_erolcha
D:14:     minmay_glassy_protrusions, layout_grid_maze,
          lightli_vaults_fourway_checkpoint, corexii_corridor_pit, serial_shops,
          bzr_entry_safe, shop, shop, minmay_holes, minmay_misc_feat_tiny
D:15:     grunt_enter_depths_snipers, layout_irregular_city, serial_shops,
          nicolae_shop_trees, hangedman_abyss_or_decor_slice
Temple:   kilobyte_greek_temple
Lair:1:   layout_gridlike, infiniplex_staircase_pool, grunt_megastairs_3,
          serial_bayou_shore_a, serial_bayou_shore_b
Lair:2:   gammafunk_cloud_chamber, layout_cave_pods, lemuel_fruit_tree,
          minmay_lair_oklob_chamber, uniq_gastronok
Lair:3:   layout_cave_pods, palyth_hydra_swamp_entry, serial_bayou_shore_b,
          uniq_rupert
Lair:4:   layout_regular_city, minmay_snake_entry_guardpost_small,
          portal_ice_cave_entry_pillars_1, nicolae_volcano_entry_two_sided,
          disabler_island, uniq_urug
Lair:5:   layout_gridlike, slime_altar_1, basic_altar, serial_bayou_crossing,
          grunt_megastairs_1
Lair:6:   due_jungle_book, layout_cave_pods, kilobyte_rumbling_trees
Snake:1:  layout_grid_shapes, serial_bayou_pond_e, minmay_shop_grove
Orc:1:    layout_caves, uniq_sonja
Orc:2:    st_orc_elflike, layout_caves, serial_shops, shop, mines1_david

Skill      XL: |  1  2  3  4  5  6  7  8  9 10 11 12 13 14 15 16 |
---------------+-------------------------------------------------+-----
Dodging        | 2 3 5 6 7 8 9 10 11 | 11.2
Fighting       | 2 3 5 4 6 7 8 9 10 12 13 | 13.0
Poison Magic   | 1 2 |  2.8
Unarmed Combat | 4 5 6 8 9 10 11 12 14 15 16 17 | 17.1
Spellcasting   | 3 5 6 7 8 9 10 | 10.0
Transmutations | 3 5 4 6 7 8 9 10 11 12 13 | 13.1
Ice Magic      | 1 3 |  3.0

Action                   |  1- 3 |  4- 6 |  7- 9 | 10-12 | 13-15 | 16-18 || total
-------------------------+-------+-------+-------+-------+-------+-------++-------
Melee: Unarmed           |   114 |   161 |   423 |   381 |  1009 |    84 ||  2172
       Kick              |    17 |    18 |       |       |       |       ||    35
       Headbutt          |    12 |    10 |       |       |       |       ||    22
       Tailslap          |     7 |     9 |     4 |    28 |   108 |    10 ||   166
       Punch             |     1 |     1 |     4 |     9 |    51 |     9 ||    75
 Cast: Beastly Appendage |    19 |    25 |     1 |       |       |       ||    45
       Spider Form       |       |     3 |    38 |     5 |       |       ||    46
       Ice Form          |       |       |    19 |    34 |     5 |     1 ||    59
       Blade Hands       |       |       |       |    26 |   125 |    13 ||   164
       Hydra Form        |       |       |       |       |     1 |       ||     1
Invok: Sacrifice Experie |       |       |     1 |       |       |       ||     1
       Sacrifice Artific |       |       |     1 |       |       |       ||     1
       Sacrifice Love    |       |       |       |     1 |       |       ||     1
       Sacrifice Stealth |       |       |       |     1 |       |       ||     1
       Power Leap        |       |       |       |     1 |       |       ||     1
       Reject Sacrifices |       |       |       |     1 |       |       ||     1
       Draw Out Power    |       |       |       |       |     2 |       ||     2
       Sacrifice Purity  |       |       |       |       |     1 |       ||     1
 Abil: Breathe Noxious F |       |       |       |     4 |     8 |       ||    12
       Blink             |       |       |       |       |     1 |       ||     1
Evoke: Wand              |       |       |     2 |       |       |       ||     2
  Use: Potion            |       |     3 |     3 |     3 |     4 |       ||    13
       Scroll            |       |       |    15 |    13 |     8 |       ||    36
 Stab: Sleeping          |       |       |     2 |       |       |       ||     2
       Paralysed         |       |       |     2 |     4 |    22 |       ||    28
       Invisible         |       |       |     1 |     3 |    13 |     1 ||    18
       Distracted        |       |       |       |     5 |     3 |     1 ||     9
       Confused          |       |       |       |     3 |     6 |       ||     9
Armor: Skin              |    38 |    45 |    88 |    76 |   206 |    26 ||   479
Dodge: Dodged            |    91 |   122 |   278 |   230 |   839 |    71 ||  1631

Table legend: (Time is in decaauts)
 A = Elapsed time spent in this place.
 B = Non-inter-level travel time spent in this place.
 C = Inter-level travel time spent in this place.
 D = Time resting spent in this place.
 E = Time spent auto-exploring this place.
 F = Levels seen in this place.
 G = Mean time per level.
                   A        B        C        D        E       F      G
               +--------+--------+--------+--------+--------+-----+--------+
         Total |  37238 |  35479 |   1759 |   4113 |  26243 |  29 | 1284.1 |
       Dungeon |  21624 |  20658 |    966 |   1998 |  15673 |  15 | 1441.6 |
        Temple |    144 |    114 |     30 |      0 |    101 |   1 |  144.0 |
          Lair |  10916 |  10249 |    667 |   1137 |   8050 |   6 | 1819.3 |
     Snake Pit |     46 |     46 |      0 |      0 |     22 |   1 |   46.0 |
  Orcish Mines |   2410 |   2315 |     95 |    402 |   1366 |   2 | 1205.0 |
        Bazaar |    211 |    211 |      0 |    141 |     35 |   1 |  211.0 |
         Sewer |    988 |    988 |      0 |    195 |    625 |   1 |  988.0 |
        Bailey |    373 |    373 |      0 |    197 |     26 |   1 |  373.0 |
       Volcano |    522 |    522 |      0 |     43 |    344 |   1 |  522.0 |
               +--------+--------+--------+--------+--------+-----+--------+

Top non-repeatable levels by time:
  Lair:6: 3490 daAuts
    D:12: 3308 daAuts
  Lair:4: 2181 daAuts
     D:5: 1609 daAuts
     D:9: 1547 daAuts
     D:1: 1546 daAuts
    D:11: 1519 daAuts
    D:10: 1488 daAuts
     D:2: 1482 daAuts
    D:13: 1473 daAuts
  Lair:2: 1461 daAuts
     D:4: 1460 daAuts
  Lair:3: 1416 daAuts
  Lair:5: 1320 daAuts
    D:14: 1309 daAuts
